[Event "Early-Titled-Tuesday-Blitz-March-26-2024"]
[Site "Chess.com"]
[Date "2024.03.26"]
[Round "7"]
[White "AdvanceGuard4"]
[Black "Chess4always"]
[Result "0-1"]
[WhiteElo "2631"]
[BlackElo "2022"]
[TimeControl "180+1"]
[EndTime "9:16:39 PDT"]
[Termination "Chess4always won by resignation"]

1. c4 c6 2. Nf3 Nf6 3. e3 d5 4.
Qc2 g6 5. b3 Bg7 6. Bb2 O-O 7.
Be2 Bf5 8. d3 dxc4 9. bxc4 Nbd7 10. O-O Re8 11. Nd4 Bg4 12. f3 Bf5 13. Nxf5 gxf5 14.
d4 e6 15. Nd2 Nf8 16. c5 Ng6 17.
Nc4 Nd5 18. Qb3 a5 19. Rad1 a4 20. Qxb7 Re7 21. Qxc6 Rb8 22. Ba1 a3 23. Qa4 Rb4 24. Qxa3 Qb8 25. f4 Ra7 26. Qd3 Rxc4 27. Qxc4 Nxe3 28. Rb1 Qa8 29. Bf3 Nxc4 30. Bxa8 Rxa8 31. c6 Rc8 32. Rfc1 Nd6 33. c7 Nxf4 34. Kf1 Nd5 35. Rc6 Bf8 36. Rbc1 Ne3+ 37. Ke2 Nd5 38. a4 Nb4 39. Rb6 Nd5 40. Rbc6 Nf4+ 41. Kf3 Nd3 42. R1c3 Nb4 43. Rb6 Nd5 44. Rbc6 Nxc3 45. Rxc3 Be7 46.
a5 Kf8 47. a6 Ke8 48. d5 Kd7 49. dxe6+ fxe6 50. a7 Ra8 51. Ra3 Kc8 52. Be5 Kxc7 53. Rc3+ Kd7 54. Ra3 Nb7 55. Rc3 Bd6 56. Bxd6 Nxd6 57.
Ra3 Nb5 58. Rd3+ Ke7 59. Kf4 Rxa7 60. Rh3 Ra4+ 61. Kg5 Rg4+ 62. Kh6 Rxg2 63. Kxh7 Kf6 64. Rh6+ Kf7 65. h4 Nd6 66. h5 Ne8 67. Rg6 Nf6+ 68.
Kh6 Rxg6+ 69. hxg6+ Kg8 70. Kg5 Ne8 71. Kf4 Ng7 72. Ke5 Kf8 73. Kf6 Ke8 74. Ke5 Ke7 75.
Kf4 Kf6 76. Kg3 Kxg6 77. Kf4 Kf6 78. Ke3 e5 79. Kf3 f4 0-1

[Event "Early-Titled-Tuesday-Blitz-March-26-2024"]
[Site "Chess.com"]
[Date "2024.03.26"]
[Round "7"]
[White "monomita"]
[Black "Durarbayli"]
[Result "0-1"]
[WhiteElo "2771"]
[BlackElo "2935"]
[TimeControl "180+1"]
[EndTime "9:16:44 PDT"]
[Termination "Durarbayli won by resignation"]

1. e4 e5 2. Nf3 Nc6 3. Bc4 Nf6 4. d3 h6 5. a4 d6 6. Nc3 g6 7. O-O Bg7 8. h3 O-O 9. Nd5 Nxd5 10. Bxd5 Ne7 11. Bb3 c6 12. d4 exd4 13. Nxd4 d5 14. exd5 Nxd5 15. c3 Re8 16. Re1 Rxe1+ 17. Qxe1 c5 18.
Nb5 Be6 19. Bxd5 Bxd5 20. Bf4 Bc6 21. Bg3 Qd5 22. f3 Qb3 23. Qe2 Re8 24. Qd2 Bxb5 25. axb5 Qxb5 26. Rxa7 Re2 27. Ra8+ Kh7 28. Qd8 g5 29. h4 gxh4 30. Bxh4 Qc4 31. Bf6 Re1+ 32. Kf2 Re2+ 33. Kg3 Kg6 34. Bxg7 Qe6 35. Bd4 cxd4 36. Qg8+ Kh5 37. Qg4+ Qxg4+ 38. fxg4+ Kg5 39. Ra5+ Kg6 40. cxd4 Rxb2 41. d5 Kf6 42. d6 Ke6 43. Rd5 Rb3+ 44. Kh4 Kd7 45. Rf5 Kxd6 46. Rxf7 b5 47. Rf6+ Kc5 48.
Rxh6 b4 49. g5 Rd3 50. g6 Rd8 51. g7 Rg8 52. Rg6 b3 53. Rg5+ Kc4 54. Rg4+ Kc3 55. Rg3+ Kc2 56. Rxb3 Kxb3 57. Kh5 Rxg7 58. g4 Kc4 59. g5 Kd5 60. Kh6 Rg8 61. g6 Ke6 62.
Kh7 Rc8 63. Kg7 Rd8 64. Kh6 Kf6 65. Kh7 Rc8 66. g7 Kf7 0-1

[Event "Early-Titled-Tuesday-Blitz-March-26-2024"]
[Site "Chess.com"]
[Date "2024.03.26"]
[Round "7"]
[White "chessdjw"]
[Black "FGHSMN"]
[Result "0-1"]
[WhiteElo "2808"]
[BlackElo "2966"]
[TimeControl "180+1"]
[EndTime "9:16:44 PDT"]
[Termination "FGHSMN won by checkmate"]

1. d4 Nf6 2. c4 e6 3. Nf3 Bb4+ 4. Bd2 Qe7 5. g3 Bxd2+ 6. Qxd2 Nc6 7. a3 O-O 8. Bg2 d6 9. Nc3 e5 10. Nd5 Nxd5 11.
cxd5 Nb8 12. dxe5 dxe5 13. O-O Rd8 14. Rfd1 Bg4 15. Rac1 e4 16. Qg5 Qxg5 17. Nxg5 Na6 18. Kf1 f5 19. Ne6 Rd7 20. b4 Rc8 21. b5 Nb8 22. d6 c6 23. Nc5 Rf7 24. a4 b6 25. Ne6 c5 26. Nf4 g5 27. Nd5 Rd8 28.
Ne7+ Kf8 29. Nc6 Rc8 30. h3 Bh5 31. Nxb8 Rxb8 32. g4 fxg4 33. hxg4 Bg6 34. Rd5 Rd8 35. Rcd1 Rf6 36. d7 h6 37. f3 Ke7 38. Ke1 Bf7 39.
Re5+ Re6 40. Rxe6+ Bxe6 41. fxe4 Bxg4 42. Kf2 Rxd7 43. Rh1 h5 44. Bf3 Bxf3 45. exf3 h4 46. Ke3 Rd4 47. f4 Kf6 48. fxg5+ Kxg5 49. Rg1+ Kh5 50. Kf4 Rxa4 51. Rg7 c4 52. Kf5 Kh6 53. Rg6+ Kh7 54. Rg4 c3 55. Rxh4+ Kg7 56. Rh1 Rc4 57. Rc1 Kf7 58. Ke5 Ke7 59. Kd5 Rc5+ 60. Kd4 Kd6 61. Rxc3 Rxc3 62. Kxc3 Kc5 63. Kd3 Kxb5 64. Kd4 Kc6 65.
Ke5 a5 66. Kf6 a4 67. e5 a3 68. e6 a2 69. e7 a1=Q+ 70. Kf7 Qf1+ 71. Ke8 Qe2 72.
Kd8 Qd3+ 73. Kc8 Qd7+ 74. Kb8 Qb7# 0-1

[Event "Early-Titled-Tuesday-Blitz-March-26-2024"]
[Site "Chess.com"]
[Date "2024.03.26"]
[Round "7"]
[White "whiteglovethief"]
[Black "Tol_Tol"]
[Result "1/2-1/2"]
[WhiteElo "2503"]
[BlackElo "2347"]
[TimeControl "180+1"]
[EndTime "9:16:47 PDT"]
[Termination "Game drawn - insufficient material"]

1. d4 Nf6 2. c4 g6 3. Nc3 Bg7 4. e4 O-O 5. Nf3 d6 6. Be2 e5 7. O-O Nc6 8. d5 Ne7 9. Ne1 c5 10. Nd3 Nd7 11. f4 f5 12. fxe5 Nxe5 13. Bg5 h6 14. Bd2 g5 15. exf5 Bxf5 16. Nxe5 Bxe5 17. Bg4 Bg6 18. Be6+ Kh7 19. Qg4 Ng8 20. Ne4 Nf6 21.
Nxf6+ Rxf6 22. Bc3 Bxc3 23. bxc3 Rxf1+ 24. Rxf1 Qe7 25. h4 gxh4 26. Rf4 Rf8 27. Qxh4 Qxh4 28. Rxh4 Kg7 29. a4 a5 30. Rg4 Kf6 31. Kf2 Bc2 32. Ke3 Bxa4 33.
Rf4+ Ke7 34. Rg4 Be8 35. Rg7+ Bf7 36. Rh7 h5 37. Bxf7 Rxf7 38. Rxh5 Rg7 39. Kf3 Rf7+ 40. Ke3 Rf1 41. Rh7+ Kf6 42. Rxb7 Rc1 43. Kd2 Rg1 44. Ra7 Rxg2+ 45. Kd3 Rg3+ 46. Kc2 Rg4 47. Kb3 Ke5 48. Rxa5 Ke4 49. Ra6 Rg6 50. Ra1 Kd3 51. Re1 Rg8 52. Rd1+ Ke2 53. Rh1 Kd3 54. Rh3+ Kd2 55.
Rh2+ Kd3 56. Rh3+ Kd2 57. Rh6 Rb8+ 58. Ka4 Kxc3 59. Rxd6 Kxc4 60. Ka5 Rb5+ 61. Ka6 Rb3 62. Rd8 Rd3 63. d6 Kb3 64. d7 c4 65. Rb8+ Kc2 66. d8=Q Rxd8 67. Rxd8 c3 68. Kb5 Kb3 69. Rd3 Kb2 70. Kb4 c2 71. Rd2 Kb1 72. Rxc2 Kxc2 1/2-1/2

[Event "Early-Titled-Tuesday-Blitz-March-26-2024"]
[Site "Chess.com"]
[Date "2024.03.26"]
[Round "7"]
[White "sorch29"]
[Black "manitodeplomo"]
[Result "1-0"]
[WhiteElo "2467"]
[BlackElo "2639"]
[TimeControl "180+1"]
[EndTime "9:16:49 PDT"]
[Termination "sorch29 won by resignation"]

1. c4 g6 2. g3 Bg7 3. Bg2 c6 4.
e4 b5 5. cxb5 cxb5 6. d4 a5 7. Ne2 b4 8. O-O Ba6 9. Be3 d5 10. exd5 Ra7 11. Re1 Nf6 12. Nf4 O-O 13. Nd2 Bb7 14. d6 Bxg2 15. dxe7 Rxe7 16. Kxg2 Nd5 17. Qf3 Nxf4+ 18. Qxf4 Nc6 19. Qf3 Nxd4 20. Bxd4 Rxe1 21. Rxe1 Qxd4 22. Re2 Qxb2 23. Nc4 Qc3 24. Nxa5 Qc7 25. Nc6 Qd6 26. Ne7+ Kh8 27. Nd5 f5 28.
Nf4 Be5 29. Nd3 Bd4 30. Nf4 Be5 31. Nd3 Bc3 32. Nf4 Rc8 33. Ne6 Qc6 34. Nf4 Qxf3+ 35. Kxf3 Kg8 36. Nd3 Kf7 37. Ke3 Ra8 38. Nc5 Kf6 39. Kd3 Kg5 40. f3 h5 41. Kc4 h4 42.
Rg2 h3 43. Re2 Kh6 44. Nd3 Rc8+ 45. Kb3 Rb8 46. a3 bxa3+ 47. Kxc3 Rb1 48. Ra2 Rg1 49.
Kb3 Rg2 50. Rf2 g5 51. Kxa3 f4 52. g4 Kg6 53. Kb3 Rg1 54. Kc2 Rh1 55. Kd2 Kf6 56.
Kc3 Ke6 57. Kd4 Re1 58. Nc5+ Kf6 59. Ne4+ Kg6 60. Nd2 Rg1 61. Ne4 Kh6 62. Ke5 Kg6 63. Ke6 Re1 64. Ke5 Re3 65. Kd4 Kh6 66. Rf1 Re2 67. Nf2 Kg6 68. Nxh3 Rxh2 69. Nf2 Rh8 70. Ne4 Rd8+ 71. Ke5 Rd1 72. Rxd1 1-0

[Event "Early-Titled-Tuesday-Blitz-March-26-2024"]
[Site "Chess.com"]
[Date "2024.03.26"]
[Round "7"]
[White "vladgoncharov"]
[Black "KevinGeorgeMicheal"]
[Result "0-1"]
[WhiteElo "2599"]
[BlackElo "2445"]
[TimeControl "180+1"]
[EndTime "9:16:54 PDT"]
[Termination "KevinGeorgeMicheal won by checkmate"]

1. d4 Nf6 2. c4 g6 3. Nc3 Bg7 4. e4 d6 5. Bg5 O-O 6. Qd2 c5 7. d5 a6 8. a4 Nbd7 9. Nf3 Qc7 10. Be2 b6 11. O-O Bb7 12. Rfe1 Rad8 13. h3 e6 14.
Bf1 exd5 15. exd5 Rde8 16. g4 Qb8 17. Bf4 Rxe1 18. Rxe1 Re8 19. Bd3 Bf8 20. Rxe8 Qxe8 21. Kg2 Qe7 22. Bg5 Bg7 23. Qf4 Qf8 24. Qg3 h6 25.
Bf4 Ne8 26. h4 Qe7 27. Nd1 Ne5 28. Bf1 Nxf3 29. Qxf3 Nf6 30. Bd3 b5 31. axb5 axb5 32. b3 bxc4 33. bxc4 Nd7 34. Qg3 Ne5 35. Be2 Ba6 36. Ne3 Qb7 37. h5 Qb3 38. hxg6 fxg6 39. g5 h5 40. Bxe5 Bxe5 41. Qf3 Qb7 42. Bd3 Qf7 43. Qe4 Kg7 44. f3 Bc8 45. Nf1 Bf4 46. Qe2 Bxg5 47. Be4 Bf4 48. Qb2+ Kh7 49. Ng3 Be5 50.
Qb8 Qf4 51. Qxc8 Qxg3+ 52. Kf1 Bd4 53. Qd7+ Kh6 54. Ke2 Qf2+ 55. Kd3 Qe3+ 56. Kc2 Qc3+ 57. Kd1 Qxc4 58. Qe8 Qf1+ 59. Kd2 Qf2+ 60. Kd1 Qg1+ 61. Kd2 Kg5 62. Qe7+ Kf4 63. Qxd6+ Be5 64. Qf8+ Kg3 65. Qf7 Bf4+ 66. Kd3 Qd4+ 67. Kc2 g5 68. Qxh5 Qc4+ 69.
Kb2 Be5+ 70. Kb1 Qb3+ 71. Kc1 Bf4# 0-1

[Event "Early-Titled-Tuesday-Blitz-March-26-2024"]
[Site "Chess.com"]
[Date "2024.03.26"]
[Round "7"]
[White "Joachim100x"]
[Black "Byniolus"]
[Result "1/2-1/2"]
[WhiteElo "2526"]
[BlackElo "2736"]
[TimeControl "180+1"]
[EndTime "9:16:55 PDT"]
[Termination "Game drawn by repetition"]

1. e4 d5 2. Nc3 dxe4 3. Nxe4 Nc6 4. Bc4 Bf5 5. Ng3 Bg6 6. d3 e5 7. Nf3 Bd6 8. O-O Nf6 9. Re1 O-O 10. Ne4 Be7 11.
Nfg5 Nxe4 12. Nxe4 Kh8 13. Nc3 f5 14. f4 Bc5+ 15.
Kh1 Qh4 16. Be3 Bxe3 17. Rxe3 exf4 18. Rh3 Qg4 19. Nd5 Ne5 20. Bb3 f3 21. Rg3 fxg2+ 22. Rxg2 Qxd1+ 23. Rxd1 c6 24. Nf4 Bf7 25. Re1 Ng4 26.
h3 Nh6 27. Re7 b5 28. Rge2 a5 29. Bxf7 Rxf7 30. Re8+ Rf8 31. R8e6 Rac8 32. Re7 Ng8 33. Ra7 a4 34. Ne6 Rfe8 35. Ng5 Nh6 36. Re6 Rxe6 37.
Nxe6 g6 38. Ng5 Kg8 39. Nxh7 Nf7 40. Nf6+ Kg7 41. Nd7 Rd8 42. Ne5 Rf8 43. Nxf7 Rxf7 44. Ra6 Rc7 45. Kg2 Kf6 46. h4 Ke5 47. c3 Rd7 48. d4+ Kd5 49. Kf3 Re7 50. b3 axb3 51.
axb3 Re4 52. c4+ bxc4 53. bxc4+ Kxd4 54. Rxc6 Rg4 55. h5 gxh5 56. Rf6 Ke5 57. Rh6 h4 58. c5 Rc4 59. c6 Rc3+ 60. Kf2 Rc4 61. c7 f4 62. Rxh4 Rxc7 63. Rh6 Rc2+ 64. Kf3 Rc3+ 65. Kf2 Rc2+ 66. Kf3 Rc3+ 67. Kf2 Kf5 68. Rh8 Rc5 69.
Kf3 Rc3+ 70. Kf2 Ra3 71. Rf8+ Kg5 72. Rg8+ Kf5 73. Rf8+ Ke5 74. Re8+ Kf5 75. Rf8+ 1/2-1/2

[Event "Early-Titled-Tuesday-Blitz-March-26-2024"]
[Site "Chess.com"]
[Date "2024.03.26"]
[Round "7"]
[White "Sanan_Sjugirov"]
[Black "quizden37"]
[Result "1-0"]
[WhiteElo "3026"]
[BlackElo "2857"]
[TimeControl "180+1"]
[EndTime "9:17:09 PDT"]
[Termination "Sanan_Sjugirov won by resignation"]

1. d4 Nf6 2. c4 g6 3. Nc3 Bg7 4. e4 d6 5. Nf3 O-O 6. Be2 c5 7. O-O cxd4 8. Nxd4 Nc6 9. Be3 Bd7 10. Nc2 Rc8 11.
f3 a6 12. Rc1 Be6 13. Nd5 Bxd5 14. exd5 Ne5 15. b3 Qa5 16. a4 h5 17. h3 Qc3 18. Rb1 h4 19. Bd2 Nxf3+ 20. Rxf3 Qe5 21.
Bf4 Qh5 22. Rf1 Qh7 23. Bf3 b5 24. axb5 axb5 25. Nd4 bxc4 26. Nc6 Rfe8 27. bxc4 Bf8 28. Bg5 Nd7 29. Bg4 f5 30. Be2 Nc5 31. Be3 Ne4 32. Qd3 Bh6 33. Bf3 Bxe3+ 34. Qxe3 Nc5 35. Rfe1 Rc7 36. Qg5 Kf7 37. Re3 Qh8 38. Rbe1 Qf6 39. Qh6 Rh8 40. Qf4 Re8 41. Qd4 Qxd4 42. Nxd4 Ra7 43.
Ne6 Nd7 44. Ng5+ Kf6 45. Nh7+ Kf7 46. Be2 Ne5 47. Ng5+ Kf6 48. Nf3 g5 49. Bf1 Nf7 50.
Re6+ Kg7 51. Bd3 g4 52. hxg4 fxg4 53. Nxh4 Ne5 54. R1xe5 dxe5 55. Rxe5 Ra3 56. Be2 g3 57. Rg5+ Kf6 58. Rf5+ Kg7 59. Rf3 Rxf3 60. Nxf3 Kf6 61. Kf1 Ra8 62. Bd3 Ra2 63. c5 Ra5 64. c6 Rxd5 65. Be4 Rc5 66. Ke2 Ke6 67. Ke3 Kd6 68. Kf4 Rc4 69. Ne5 Rc5 70. Nf7+ Ke6 71. Ng5+ Kd6 72.
Nf7+ Ke6 73. Nh6 Rc4 74. Nf5 Ra4 75. Nxg3 Rc4 76. Nf5 Kf6 77. g4 e5+ 78. Kf3 Kg5 79. Ne3 Rc3 80. Ke2 Kf4 81. Nd5+ 1-0

[Event "Early-Titled-Tuesday-Blitz-March-26-2024"]
[Site "Chess.com"]
[Date "2024.03.26"]
[Round "7"]
[White "Tugrik1969"]
[Black "reevecanada"]
[Result "1/2-1/2"]
[WhiteElo "2512"]
[BlackElo "2673"]
[TimeControl "180+1"]
[EndTime "9:17:14 PDT"]
[Termination "Game drawn by repetition"]

1. d4 d6 2. Nf3 Nf6 3. c4 Nbd7 4. Nc3 g6 5. e4 Bg7 6. Be2 e5 7. O-O O-O 8. Be3 Re8 9. d5 Nf8 10. Nd2 Bd7 11. b4 c6 12. Nb3 Qc7 13. Rc1 h5 14. f3 h4 15. c5 dxc5 16. Nxc5 Bc8 17. dxc6 bxc6 18. Bc4 Nh5 19. Qb3 a5 20. b5 Rb8 21.
a4 Qe7 22. Rfd1 Ne6 23. Nxe6 Bxe6 24. Bxe6 Qxe6 25. Qxe6 Rxe6 26. b6 Bf8 27. Rd7 Bb4 28. Ne2 Nf6 29. Rc7 c5 30. Bxc5 Bxc5+ 31. R7xc5 Rbxb6 32. Rxa5 Rb2 33. Kf1 Ra2 34. Nc3 Rd2 35. Nd5 Nh5 36.
Rac5 h3 37. gxh3 Rxh2 38. Kg1 Rxh3 39. Kg2 Rh4 40. a5 Ra6 41. Rb1 Nf4+ 42. Nxf4 Rxf4 43. Rb6 Rf6 44. Rxf6 Rxf6 45. Rxe5 Ra6 46. Rb5 Kf8 47. f4 Ke7 48. Kf3 Kd7 49. Kg4 Ke6 50. Kg5 Ke7 51. e5 Kf8 52. f5 gxf5 53. Kxf5 Kg7 54. Ke4 Kg6 55. Kd4 Kf5 56. Kc4 Ke4 57. Kb4 Ra7 58. Kc5 Ra8 59. Kb6 Rb8+ 60. Kc6 Ra8 61. Kb7 Re8 62.
a6 Re7+ 63. Kb6 Re6+ 64. Ka5 Re7 65. Rb7 Rxe5+ 66. Kb6 f5 67. a7 Re6+ 68. Ka5 Re5+ 69. Rb5 Re8 70. Rb8 Re5+ 71. Rb5 Re8 72. Rb8 Re5+ 73.
Rb5 1/2-1/2

[Event "Early-Titled-Tuesday-Blitz-March-26-2024"]
[Site "Chess.com"]
[Date "2024.03.26"]
[Round "7"]
[White "chucksterf10"]
[Black "stollenmonster"]
[Result "0-1"]
[WhiteElo "2595"]
[BlackElo "2890"]
[TimeControl "180+1"]
[EndTime "9:17:25 PDT"]
[Termination "stollenmonster won by resignation"]

1. f4 c5 2. Nf3 Nc6 3. g3 g6 4.
Bg2 Bg7 5. O-O d5 6. d3 Nf6 7.
Qe1 d4 8. Na3 O-O 9. Nc4 Nd5 10.
e4 dxe3 11. Nxe3 Nxe3 12. Qxe3 Nd4 13. Qf2 Rb8 14. c3 Nxf3+ 15. Qxf3 b6 16. Rd1 Bb7 17. Qe2 Bxg2 18. Qxg2 Qd7 19. Be3 Rfd8 20. Rd2 Qb5 21. Rad1 Rd7 22. d4 cxd4 23. Bxd4 e5 24. fxe5 Bxe5 25.
Bxe5 Rxd2 26. Rxd2 Qxe5 27. h4 Re8 28. Kh2 h5 29. Rf2 Re7 30. Qf3 Kg7 31. a3 Qe6 32.
Kg2 f6 33. Rd2 Qe5 34. Rf2 Qe4 35. Qxe4 Rxe4 36. Kf3 Re7 37. c4 g5 38. hxg5 fxg5 39. Rd2 Kf6 40. Rd6+ Kf5 41. Rd5+ Re5 42. Rd7 g4+ 43.
Kf2 Rc5 44. b3 b5 45. cxb5 Rc2+ 46. Ke3 Rg2 47. Rd5+ Ke6 48. Rxh5 Rxg3+ 49. Kd4 Rxb3 50. a4 Rb4+ 51. Kc5 Rxa4 52. Rg5 Kf6 53. Rg8 Kf5 54. Rf8+ Kg5 55. Kc6 g3 56. Rg8+ Kf4 57. Kb7 Kf3 58.
Rf8+ Kg2 59. Ra8 Kg1 60. Rxa7 Rxa7+ 61. Kxa7 g2 62. b6 Kf1 63. b7 g1=Q+ 64. Ka8 Qg2 65. Ka7 Qf2+ 66. Ka8 Qf3 67. Ka7 Qe3+ 68. Ka8 Qe4 69. Ka7 Qd4+ 70. Ka6 Qc4+ 71. Kb6 Qb4+ 72. Kc7 Qc5+ 73. Kd7 Qb6 74. Kc8 Qc6+ 75. Kb8 Ke2 76. Ka7 Qa4+ 77. Kb6 Qb4+ 78. Ka6 Kd3 79. Ka7 Qa5+ 80.
Kb8 Kd4 81. Kc8 Qf5+ 82. Kc7 Qe5+ 83. Kc8 Qe6+ 84. Kc7 Qe7+ 85. Kc8 Qc5+ 86. Kd7 Qb6 87. Kc8 Qc6+ 88. Kb8 Kc5 89. Ka7 Qa4+ 90. Kb8 Kc6 91. Kc8 Qa6 92. Kd8 Qxb7 0-1

[Event "Early-Titled-Tuesday-Blitz-March-26-2024"]
[Site "Chess.com"]
[Date "2024.03.26"]
[Round "7"]
[White "gorgeous1083"]
[Black "agvania123"]
[Result "0-1"]
[WhiteElo "2053"]
[BlackElo "2415"]
[TimeControl "180+1"]
[EndTime "9:17:33 PDT"]
[Termination "agvania123 won on time"]

1. d4 Nf6 2. c4 g6 3. Nc3 d5 4. cxd5 Nxd5 5. e4 Nxc3 6. bxc3 Bg7 7. Nf3 c5 8. h3 Nc6 9. Be3 O-O 10. Be2 Qa5 11. Bd2 Qd8 12. Be3 Qa5 13. Bd2 Qd8 14. d5 Ne5 15. O-O Nxf3+ 16. Bxf3 e6 17. Rb1 exd5 18. exd5 b6 19. c4 Bf5 20. Rb3 Qd6 21.
Re1 Rfe8 22. Rbe3 Rxe3 23. Rxe3 Bd4 24. Re1 f6 25. Qc1 Qg3 26. Be3 Bxe3 27. Qxe3 Qd6 28. Qe7 Qxe7 29. Rxe7 a6 30. Rb7 b5 31. cxb5 axb5 32.
d6 Rd8 33. Bd5+ Kh8 34. Rxb5 Rxd6 35. Rxc5 Kg7 36. Rc7+ Kh6 37. Bb3 Rd2 38. Bg8 Kg5 39. Rxh7 Rd1+ 40. Kh2 Rd2 41. Kg1 Rd1+ 42. Kh2 Rd2 43.
f3 Bd3 44. Rd7 Kf4 45. Rd4+ Ke3 46. Rg4 Bf5 47. Rb4 Bd3 48. h4 Bf1 49. Rg4 Bd3 50.
Bh7 Bf5 51. Rg3 Rxa2 52. Bxg6 Be6 53. Be4 Ra7 54. Rg6 Rf7 55. h5 Kf4 56. Bc6 Bf5 57.
Rg8 Rh7 58. g4 Be6 59. Kg2 f5 60. Rg6 fxg4 61. Rxe6 gxf3+ 62. Bxf3 Rg7+ 63. Kf2 Ra7 64. Re4+ Kg5 65. Rg4+ Kh6 66. Rg6+ Kh7 67. Kg3 Ra3 68. Rc6 Rb3 69. Kg4 Rb4+ 70. Kg5 Rb5+ 71. Kh4 Rb4+ 72. Bg4 Ra4 73. Rc7+ Kh6 74. Rc6+ Kh7 75. Kg5 Ra5+ 76. Bf5+ Kg7 77. Rc7+ Kh8 78. Kh6 Ra6+ 79. Bg6 Ra8 80. Rh7+ Kg8 81. Rg7+ Kh8 82. Rb7 Rc8 83.
Bf5 Kg8 84. Kg5 Ra8 85. Be6+ Kh8 86. Bf5 Rd8 87. h6 Ra8 88. Kg6 Ra6+ 89. Kh5 Ra8 0-1

[Event "Early-Titled-Tuesday-Blitz-March-26-2024"]
[Site "Chess.com"]
[Date "2024.03.26"]
[Round "8"]
[White "ChelsieMonica"]
[Black "Meri-Arabidze"]
[Result "0-1"]
[WhiteElo "2547"]
[BlackElo "2677"]
[TimeControl "180+1"]
[EndTime "9:19:40 PDT"]
[Termination "Meri-Arabidze won by resignation"]

1. c4 e6 2. d4 Nf6 3. Nc3 Bb4 4. e3 O-O 5. Bd3 d5 6. Ne2 c5 7. a3 Bxc3+ 8. bxc3 b6 9. O-O Ba6 10. cxd5 exd5 11.
Ng3 Re8 12. Re1 Bxd3 13. Qxd3 Nc6 14. Bb2 h5 15. dxc5 bxc5 16. c4 d4 17. Qxd4 cxd4 0-1

[Event "Early-Titled-Tuesday-Blitz-March-26-2024"]
[Site "Chess.com"]
[Date "2024.03.26"]
[Round "8"]
[White "Cambek64"]
[Black "ritanovikova"]
[Result "1-0"]
[WhiteElo "2479"]
[BlackElo "2112"]
[TimeControl "180+1"]
[EndTime "9:19:47 PDT"]
[Termination "Cambek64 won by resignation"]

1. e4 e5 2. Nf3 Nf6 3. Nxe5 d6 4. Nf3 Nxe4 5. Nc3 Nxc3 6. dxc3 Bf5 7. Bf4 Be7 8. Qd2 Nd7 9. O-O-O O-O 10. Nd4 Bg6 11. Kb1 c6 12. c4 Ne5 13. f3 Qa5 14. Qxa5 1-0

[Event "Early-Titled-Tuesday-Blitz-March-26-2024"]
[Site "Chess.com"]
[Date "2024.03.26"]
[Round "8"]
[White "GMAneta"]
[Black "Rashad_Zeynalli"]
[Result "0-1"]
[WhiteElo "2565"]
[BlackElo "2689"]
[TimeControl "180+1"]
[EndTime "9:19:52 PDT"]
[Termination "Rashad_Zeynalli won by resignation"]

1. Nf3 d5 2. c4 e6 3. d4 Nf6 4.
Nc3 Be7 5. cxd5 exd5 6. Bg5 h6 7. Bh4 c6 8. Qc2 O-O 9. e3 Nh5 10. Bd3 Bxh4 0-1

[Event "Early-Titled-Tuesday-Blitz-March-26-2024"]
[Site "Chess.com"]
[Date "2024.03.26"]
[Round "8"]
[White "Eagle_2019"]
[Black "chess123456s"]
[Result "1-0"]
[WhiteElo "2863"]
[BlackElo "2575"]
[TimeControl "180+1"]
[EndTime "9:20:12 PDT"]
[Termination "Eagle_2019 won by resignation"]

1. c4 Nf6 2. Nc3 e5 3. Nf3 Nc6 4. g3 Bb4 5. Nd5 e4 6. Nh4 Bc5 7. Bg2 d6 8. O-O g5 9. d4 gxh4 10. dxc5 hxg3 11. Bg5 gxh2+ 12. Kh1 1-0

[Event "Early-Titled-Tuesday-Blitz-March-26-2024"]
[Site "Chess.com"]
[Date "2024.03.26"]
[Round "8"]
[White "Anton_Demchenko"]
[Black "deribas12345"]
[Result "1-0"]
[WhiteElo "2985"]
[BlackElo "2618"]
[TimeControl "180+1"]
[EndTime "9:20:51 PDT"]
[Termination "Anton_Demchenko won by resignation"]

1. e4 e6 2. d3 d5 3. Nd2 Nc6 4.
Ngf3 e5 5. exd5 Qxd5 6. Be2 Nf6 7. O-O Be6 8. Ng5 Bf5 9. Bf3 Qd7 10. Nc4 Bd6 11. Re1 h6 12. Bxc6 Qxc6 13. Nxe5 1-0

[Event "Early-Titled-Tuesday-Blitz-March-26-2024"]
[Site "Chess.com"]
[Date "2024.03.26"]
[Round "8"]
[White "Midgardsormur"]
[Black "daika91"]
[Result "0-1"]
[WhiteElo "2450"]
[BlackElo "2696"]
[TimeControl "180+1"]
[EndTime "9:21:14 PDT"]
[Termination "daika91 won by resignation"]

1. e4 e5 2. Nf3 Nc6 3. Bc4 Nf6 4. Ng5 d5 5. exd5 Na5 6. Bb5+ c6 7. dxc6 bxc6 8.
Qf3 Be7 9. Bd3 O-O 10. Nc3 h6 11. Nge4 Nd5 12. Ng3 Nb4 13. Be4 f5 14. Nxf5 Bxf5 15. Bxf5 Nxc2+ 16. Kd1 Nd4 17. Qe4 Rxf5 0-1

[Event "Early-Titled-Tuesday-Blitz-March-26-2024"]
[Site "Chess.com"]
[Date "2024.03.26"]
[Round "8"]
[White "karinachess1"]
[Black "ljuks68"]
[Result "1-0"]
[WhiteElo "2606"]
[BlackElo "2434"]
[TimeControl "180+1"]
[EndTime "9:21:15 PDT"]
[Termination "karinachess1 won by resignation"]

1. d4 d5 2. c4 c6 3. Nf3 Nf6 4. g3 Bf5 5. Nc3 e6 6. Qb3 Qb6 7. c5 Qc7 8. Bf4 Qc8 9. Nh4 Bg6 10. Nxg6 hxg6 11. Bg2 Nbd7 12. O-O b6 13. cxb6 axb6 14.
Rac1 Qb7 15. e4 Be7 16. exd5 Nxd5 17. Nxd5 exd5 18. Rfe1 Kf8 19. Bxd5 Rc8 20. Bxf7 Nf6 21. Qe6 Bb4 22. Bxg6 1-0

[Event "Early-Titled-Tuesday-Blitz-March-26-2024"]
[Site "Chess.com"]
[Date "2024.03.26"]
[Round "8"]
[White "kyuotbi"]
[Black "Davidalhesa2007"]
[Result "1-0"]
[WhiteElo "2277"]
[BlackElo "1875"]
[TimeControl "180+1"]
[EndTime "9:21:16 PDT"]
[Termination "kyuotbi won by checkmate"]

1. e4 c5 2. Nf3 e6 3. d4 cxd4 4. Nxd4 a6 5. Bd3 Nc6 6. Nxc6 bxc6 7. O-O d5 8. Nc3 Nf6 9. Qe2 Be7 10. e5 Nd7 11. f4 c5 12. b3 Bb7 13. Bd2 Qb6 14.
Kh1 Bc6 15. f5 Bb5 16. Nxb5 axb5 17. fxe6 Qxe6 18. Bxb5 O-O 19. Rfe1 Nb6 20. a4 d4 21. a5 Nd5 22. Qe4 Nc7 23. Bd3 Ra7 24. Qxh7# 1-0

[Event "Early-Titled-Tuesday-Blitz-March-26-2024"]
[Site "Chess.com"]
[Date "2024.03.26"]
[Round "8"]
[White "Knightmare1014"]
[Black "ilushka"]
[Result "1-0"]
[WhiteElo "2349"]
[BlackElo "2490"]
[TimeControl "180+1"]
[EndTime "9:21:28 PDT"]
[Termination "Knightmare1014 won by resignation"]

1. e4 e5 2. Nf3 Nc6 3. Bb5 Nf6 4. O-O Nxe4 5. Re1 Nd6 6. Nxe5 Be7 7. Bf1 Nxe5 8.
Rxe5 O-O 9. d4 Bf6 10. Re1 Nf5 11. c3 d5 12. h3 a5 13. a4 Bd7 14. Bf4 c6 15. Nd2 Qb6 16. Qc2 Rfe8 17. Bd3 g6 18. Nf3 Rxe1+ 19. Rxe1 Re8 20. Rxe8+ Bxe8 21. Bxf5 gxf5 22.
Qxf5 Bg7 23. Qc8 Kf8 24. Bd6+ 1-0

[Event "Early-Titled-Tuesday-Blitz-March-26-2024"]
[Site "Chess.com"]
[Date "2024.03.26"]
[Round "8"]
[White "Marielchessy"]
[Black "pfalcon1949"]
[Result "1-0"]
[WhiteElo "2343"]
[BlackElo "2059"]
[TimeControl "180+1"]
[EndTime "9:21:44 PDT"]
[Termination "Marielchessy won by checkmate"]

1. e4 e6 2. d4 d5 3. Nc3 Bb4 4. e5 Ne7 5. a3 Bxc3+ 6. bxc3 c5 7. Qg4 Kf8 8. a4 Qc7 9. Ba3 b6 10. h4 Ba6 11. Bxa6 Nxa6 12. Ne2 Rc8 13. h5 h6 14. Rh3 Kg8 15. Rg3 Nf5 16. Rf3 cxd4 17. cxd4 Qc4 18. Rc3 Kh7 19. Rxc4 Rxc4 20. c3 Rhc8 21.
Qf3 Kh8 22. g4 Nh4 23. Qh3 g5 24. hxg6 Nxg6 25. Qxh6+ Kg8 26. Kd2 Nb8 27. Rh1 Nc6 28. Qh7# 1-0

[Event "Early-Titled-Tuesday-Blitz-March-26-2024"]
[Site "Chess.com"]
[Date "2024.03.26"]
[Round "8"]
[White "shimastream"]
[Black "CADMartin"]
[Result "1-0"]
[WhiteElo "3017"]
[BlackElo "2524"]
[TimeControl "180+1"]
[EndTime "9:21:49 PDT"]
[Termination "shimastream won by resignation"]

1. d4 Nf6 2. g4 Nxg4 3. e4 d5 4. e5 c5 5. Be2 Nh6 6. Bxh6 gxh6 7. c3 Nc6 8. Nf3 Bf5 9. dxc5 e6 10. Nbd2 Bxc5 11.
Nb3 Be7 12. Rg1 Bg6 13. Qd2 h5 14. Nbd4 Qb6 15. a4 O-O-O 16. a5 Nxa5 17. b4 Nc6 18. Nxc6 bxc6 19. Ra6 Qc7 20. Nd4 Qxe5 21. Nxc6 Qf6 22.
Rxa7 1-0

[Event "Early-Titled-Tuesday-Blitz-March-26-2024"]
[Site "Chess.com"]
[Date "2024.03.26"]
[Round "8"]
[White "newyorkmouse"]
[Black "MalyDominator"]
[Result "1-0"]
[WhiteElo "2707"]
[BlackElo "2567"]
[TimeControl "180+1"]
[EndTime "9:21:58 PDT"]
[Termination "newyorkmouse won by checkmate"]

1. Nf3 Nf6 2. b3 g6 3. Bb2 Bg7 4. g3 O-O 5. Bg2 d6 6. d4 Nbd7 7. O-O e5 8. dxe5 Ng4 9. c4 Ngxe5 10. Nc3 a5 11. Qd2 Nxf3+ 12. exf3 h5 13. f4 h4 14. Rfe1 Nc5 15. Rad1 h3 16. Bf3 Bf5 17. Nd5 Nd3 18.
Bxg7 Nxe1 19. Rxe1 Kxg7 20. Qd4+ Kh7 21. Nf6+ Kh6 22.
g4 c5 23. g5+ Kg7 24. Nh5+ Kg8 25. Qg7# 1-0